 Dungeon Crawl Stone Soup version 0.21-a0-442-g848f44b (webtiles) character file.

19657 4thArraOfDagon the Eclecticist (level 12, 0/66 HPs)
             Began as a Deep Elf Abyssal Knight on Nov 13, 2017.
             Was a Priest of Lugonu.
             Slain by an orc warrior
             ... wielding a +0 halberd
              (11 damage)
             ... on level 1 of the Orcish Mines.
             The game lasted 00:53:46 (11327 turns).

4thArraOfDagon the Eclecticist (DEAK)              Turns: 11327, Time: 00:53:46

Health: 0/66       AC: 11    Str:  9    XL:     12   Next: 38%
Magic:  31/36      EV: 12    Int: 23    God:    Lugonu [***...]
Gold:   1551       SH:  2    Dex: 14    Spells: 44/47 levels left

rFire    x . .     SeeInvis +   y - +4 long sword (drain)
rCold    + . .     Gourm    .   (no shield)
rNeg     . . .     Faith    .   B - +0 troll leather armour
rPois    .         Spirit   .   g - +2 helmet {SInv}
rElec    .         Reflect  +   R - +1 cloak
rCorr    .         Harm     .   W - +1 pair of gloves
MR       +....     Rnd*Rage +   (no boots)
Stlth    +.........             A - +2 amulet of reflection
HPRegen  0.61/turn              e - +2 ring of protection
MPRegen  0.25/turn              r - ring of ice

@: lethally poisoned (0 -> -13), drained
A: hooves 1, berserk 2, blink, deformed body, screaming 1, no potion heal 1,
subdued magic 1
a: Blink, Depart the Abyss, Bend Space, Banish, Renounce Religion


You were on level 1 of the Orcish Mines.
You worshipped Lugonu.
Lugonu was most pleased with you.
You were not hungry.

You visited 2 branches of the dungeon, and saw 16 of its levels.
You visited the Abyss 1 time.
You also visited: Sewer and Ossuary.

You collected 1551 gold pieces.

Inventory:

Hand Weapons
 y - a +4 long sword of draining (weapon)
Armour
 b - a +1 robe of resistance
 g - a +2 helmet of see invisible (worn)
 o - a +1 ring mail
 s - the +3 leather armour of the Poles {rPois rC- rN+}
   (You found it on level 13 of the Dungeon)

   It makes you vulnerable to cold.
   It protects you from poison.
   It protects you from negative energy.
 B - a +0 troll leather armour (worn)
 G - a cursed -1 leather armour
 R - a +1 cloak (worn)
 W - a +1 pair of gloves (worn)
 Z - a +2 robe of fire resistance
Magical Staves
 f - an uncursed staff of cold
 J - an uncursed staff of summoning {!a}
 P - an uncursed staff of earth
Jewellery
 e - a +2 ring of protection (left hand)
 r - a ring of ice (right hand)
 t - a +2 ring of intelligence
 A - a +2 amulet of reflection (around neck)
 Q - an uncursed amulet of magic regeneration
Wands
 p - a wand of polymorph (1/24)
 u - a wand of confusion (12/48)
 L - a wand of flame (15/48)
 V - a wand of acid (0/15)
 X - a wand of random effects (19/48)
Scrolls
 d - 2 scrolls of immolation
 k - 2 scrolls of fog
 m - 4 scrolls of teleportation
 n - 7 scrolls of remove curse
 q - a scroll of fear
 C - a scroll of amnesia
 D - a scroll of noise
 E - a scroll of recharging {unknown}
 H - a scroll of brand weapon {unknown}
 I - a scroll of acquirement {unknown}
 N - a scroll of magic mapping {unknown}
 O - 3 scrolls of blinking
 T - a scroll of random uselessness {unknown}
 U - a scroll of vulnerability {unknown}
Potions
 a - a potion of ambrosia {unknown}
 i - a potion of mutation
 j - 7 potions of flight
 v - 2 potions of haste
 x - 3 potions of cancellation
 z - 2 potions of curing
 M - 2 potions of brilliance
 Y - a potion of agility
Books
 h - a Fen Folio

   Spells                             Type                      Level
   a - Corpse Rot                     Necromancy                   2
   b - Stone Arrow                    Conjuration/Earth            3
   c - Leda's Liquefaction            Hexes/Earth                  4
   d - Summon Forest                  Summoning/Translocation      5
   e - Hydra Form                     Transmutation                6
   f - Summon Hydra                   Summoning                    7
Miscellaneous
 F - a phial of floods (inert)
Comestibles
 c - 8 bread rations
 l - 10 meat rations
 K - 6 fruits


   Skills:
 - Level 4.3(4.0) Fighting
   Level 2.0(4.9) Short Blades
 - Level 7.0(6.8) Long Blades
 - Level 0.7(0.4) Armour
 - Level 2.4(2.1) Dodging
 + Level 18.0(17.6) Spellcasting
 * Level 5.4(5.1) Conjurations
 - Level 11.1(10.7) Invocations


You had 44 spell levels left.
You knew the following spells:

 Your Spells              Type           Power        Failure   Level  Hunger
a - Stone Arrow           Conj/Erth      ###...       2%          3    None


Dungeon Overview and Level Annotations

Branches:
Dungeon (14/15)            Temple (0/1) D:5             Orc (2/2) D:10
   Lair: D:8-11         Elf: Orc:2       Vaults: D:13-14

Altars:
Dithmenos
Qazlal
Trog
Vehumet
Lugonu

Shops:
D:14 (

Annotations:
D:9 2 transporters, corrupted
D:10 ORCS, Gastronok, Urug
Abyss:1 Duvessa


Innate Abilities, Weirdness & Mutations

You have large cloven feet.
You often lose your temper in combat.
You can translocate small distances at will.
Armour fits poorly on your strangely shaped body.
You occasionally shout uncontrollably at your foes.
Potions are less effective at restoring your health.
Your spells are a little easier to cast, but a little less powerful.


Message History

You feel much better.
You feel sick. The ogre misses you.
You riposte.
You hit the ogre. You kick the ogre.
The ogre is moderately wounded.
The orc closely misses you.
You riposte.
You slash the orc!
You kill the orc!
Lugonu accepts your kill.
The orc warrior hits you with a halberd!
The orc hits you but does no damage.
Unknown command.
Press: ? - help, Shift-Dir - straight line, f - ogre
Aim: an ogre, wielding a giant spiked club (moderately wounded, chance to defeat MR: 87%)
The ogre is devoured by a tear in reality.
Lugonu claims a new guest.
Your base Spellcasting skill increases to level 18!
You feel somewhat more hungry.
You feel sick. The orc hits you with a flail of venom!
* * * LOW HITPOINT WARNING * * *
You are lethally poisoned!
The orc warrior hits you with a halberd!
You die...

#.#######......#.##.## #...#
#.)..................# ##..#
#.#))).....#.....##.## #...##
...#)#..........## # ##.#.##
#.####...........########....#
#.##.#.............#.##.....####
......#.....................##.##
..............#oo.§..#...........
#.#..........#.^@§.......#.......
###..#.........[o§...............
##...............................
#.......#..#....#..............#.
#...#.......##................###
##..###....###........##........#
#... ###..# ##........#..#......
##.# #....# #...#.......##....#
### #......###.......#.###...##


You could see an orc warrior and 2 orcs.

Vanquished Creatures
  2 centaur warriors
  An unseen horror (D:11)
  2 wizards (D:14)
  2 necromancers (D:14)
  3 centaur skeletons
  3 trolls
  7 hippogriffs
  A blink frog (shapeshifter) (D:13)
  Sigmund (D:4)
  10 humans (D:14)
  2 hungry ghosts
  7 orc warriors
  4 ice beasts
  2 phantoms
  A black bear (D:6)
  3 sky beasts
  4 ogres
  An eye of draining (D:13)
  7 centaurs
  A crocodile (D:12)
  The ghost of 4thArraOfDagon the Digger, an amateur KoEE of Cheibriados (D:3)
  An elf zombie (Ossuary)
  2 big kobolds
  7 bullfrogs
  5 scorpions
  A wyvern zombie (D:12)
  Dowan (D:4)
  2 killer bees (D:10)
  4 wights (D:12)
  2 bullfrog zombies
  7 crimson imps
  2 quasits
  A gnoll shaman (D:6)
  18 orc wizards
  4 hounds
  A human zombie (Ossuary)
  2 jellies
  13 orc priests
  3 bullfrog skeletons
  An iguana (D:13)
  A merfolk avatar (Sewer)
  A merfolk siren (Sewer)
  4 worker ants
  A big kobold zombie (Ossuary)
  4 mummies (Ossuary)
  Robin (D:3)
  3 gnolls (D:6)
  7 adders
  4 river rats
  3 shadow imps
  An ooze (D:3)
  2 adder zombies (Ossuary)
  2 worms
  3 dart slugs
  8 leopard geckos
  57 orcs
  4 ball pythons
  11 giant cockroaches
  9 hobgoblins
  14 jackals
  4 quokkas
  7 bats
  9 frilled lizards
  2 gnoll zombies (Ossuary)
  12 goblins
  A jackal zombie (D:5)
  18 kobolds
  2 kobold zombies (Ossuary)
  An orc zombie (Ossuary)
  2 quokka skeletons (D:5)
  31 rats
371 creatures vanquished.

Vanquished Creatures (collateral kills)
  Nergalle (Orc:1)
  An orc warrior (D:10)
  An ogre (Orc:1)
  7 killer bees (D:10)
  An orc priest (D:10)
  2 orcs (D:10)
13 creatures vanquished.

Vanquished Creatures (others)
  A hydra (D:10)
  3 two-headed ogres
  A centaur warrior (D:14)
  An unseen horror (D:9)
  7 ugly things
  2 cyclopes
  A manticore (D:7)
  Maurice (D:9)
  A hornet (D:11)
  A raiju (D:9)
  A hippogriff (D:10)
  A vampire (D:14)
  A wraith (D:13)
  A shadow (D:7)
  A human (D:14)
  The ghost of Barriton the Gusty, an amateur DrAE (Sewer)
  A spatial vortex (D:9)
  An acid dragon (D:12)
  2 water moccasins
  5 orc warriors
  A sky beast (D:9)
  A black bear (D:10)
  2 phantoms (D:6)
  2 killer bees (D:10)
  3 ogres
  6 small abominations (D:9)
  3 centaurs (D:13)
  A big kobold (D:13)
  A bullfrog (D:9)
  2 orc priests
  An orc wizard (D:9)
  A worker ant (D:13)
  A killer bee zombie (D:6)
  2 orcs (D:9)
  5 kobolds (D:13)
  A jackal zombie (Ossuary)
  A kobold zombie (Ossuary)
  5 starspawn tentacles (D:9)
73 creatures vanquished.

Grand Total: 457 creatures vanquished

Notes
Turn   | Place    | Note
-------+----------+-------------------------------------------
     0 | Abyss:1  | 4thArraOfDagon the Deep Elf Abyssal Knight began the quest for the Orb.
     0 | Abyss:1  | Reached XP level 1. HP: 13/13 MP: 4/4
    28 | Abyss:1  | Noticed an air elemental
    42 | Abyss:1  | Noticed a worldbinder
    50 | Abyss:1  | Noticed a deep elf mage
    50 | D:1      | Escaped the Abyss
   244 | D:2      | Reached XP level 2. HP: 14/18 MP: 5/5
   515 | D:1      | Reached ** piety under Lugonu
   963 | D:1      | Reached XP level 3. HP: 23/23 MP: 6/6
  1304 | D:2      | Found a stormy altar of Qazlal.
  1458 | D:3      | magipi: today is bad combo day? :D
  1505 | D:3      | Found a bloodstained altar of Trog.
  1513 | D:3      | Noticed Robin
  1550 | D:3      | Killed Robin
  1551 | D:3      | 4thArraOfDagon: yea d
  1569 | D:3      | Reached XP level 4. HP: 24/29 MP: 7/7
  1599 | D:3      | magipi: and short sword too, ow
  1726 | D:2      | Reached *** piety under Lugonu
  1734 | D:2      | magipi: did you pick up the helmet?
  2117 | D:4      | Noticed an ogre
  2118 | D:4      | Banished an ogre
  2118 | D:4      | Reached skill level 1 in Long Blades
  2118 | D:4      | Reached XP level 5. HP: 33/33 MP: 7/9
  2130 | D:4      | Noticed Sigmund
  2151 | D:4      | Killed Sigmund
  2151 | D:4      | Reached XP level 6. HP: 28/38 MP: 6/10
  2188 | D:4      | Found a sand-covered staircase.
  2195 | Ossuary  | Entered an ossuary
  2524 | D:4      | Noticed Dowan
  2540 | D:4      | Killed Dowan
  2545 | D:4      | Noticed Duvessa
  2546 | D:4      | Banished Duvessa
  2546 | D:4      | Reached XP level 7. HP: 43/43 MP: 12/12
  2602 | D:4      | Found a glowing drain.
  2611 | Sewer    | Entered a sewer
  2658 | Sewer    | Noticed Barriton's ghost (amateur DrAE)
  2661 | Sewer    | Banished Barriton's ghost
  2739 | Sewer    | Reached **** piety under Lugonu
  2798 | Sewer    | Reached skill level 5 in Invocations
  2821 | Sewer    | Reached skill level 5 in Long Blades
  3106 | D:3      | Found a radiant altar of Vehumet.
  3142 | D:3      | Noticed 4thArraOfDagon's ghost (amateur KoEE)
  3158 | D:3      | Killed 4thArraOfDagon's ghost
  3434 | D:5      | Entered Level 5 of the Dungeon
  3465 | D:5      | Reached XP level 8. HP: 34/48 MP: 14/14
  3798 | D:5      | Gained mutation: Potions are less effective at restoring your health. [mutagenic meat]
  3799 | D:5      | Gained mutation: You expend magic power (3 MP) to strengthen your wands. [mutagenic meat]
  3800 | D:5      | Gained mutation: You have large cloven feet. [mutagenic meat]
  3966 | D:5      | Found a staircase to the Ecumenical Temple.
  4132 | D:6      | Reached XP level 9. HP: 30/52 MP: 17/17
  4616 | D:7      | Reached skill level 10 in Invocations
  4838 | D:7      | Reached skill level 1 in Spellcasting
  4845 | D:7      | Noticed a manticore
  4846 | D:7      | Banished a manticore
  4846 | D:7      | Reached skill level 2 in Spellcasting
  4960 | D:7      | Reached skill level 3 in Spellcasting
  5094 | D:8      | Found a shadowy altar of Dithmenos.
  5213 | D:8      | Reached skill level 4 in Spellcasting
  5481 | D:8      | Lost mutation: You expend magic power (3 MP) to strengthen your wands. [mutagenic meat]
  5482 | D:8      | Gained mutation: You tend to lose your temper in combat. [mutagenic meat]
  5484 | D:8      | Gained mutation: You occasionally shout uncontrollably at your foes. [mutagenic meat]
  5527 | D:8      | Noticed a red ugly thing
  5528 | D:8      | Banished a red ugly thing
  5528 | D:8      | Reached skill level 5 in Spellcasting
  5730 | D:9      | Reached skill level 6 in Spellcasting
  5796 | D:9      | Found a transporter.
  5801 | D:9      | Found a corrupted altar of Lugonu.
  5801 | D:9      | Noticed a brown ugly thing
  5801 | D:9      | Noticed an unseen horror
  5801 | D:9      | Noticed a red ugly thing
  5802 | D:9      | Noticed a purple ugly thing
  5802 | D:9      | Noticed a green ugly thing
  5803 | D:9      | Corrupted D:9
  5803 | D:9      | Noticed a starcursed mass
  5805 | D:9      | Noticed a reaper
  5808 | D:9      | Noticed a hell hog
  5809 | D:9      | Noticed Maurice
  5809 | D:9      | Noticed a spatial maelstrom
  5809 | D:9      | Noticed a freezing wraith
  5809 | D:9      | Killed a purple ugly thing
  5812 | D:9      | Found a transporter.
  5817 | D:9      | Noticed a starcursed mass
  5819 | D:9      | Killed a green ugly thing
  5825 | D:9      | Killed Maurice
  5831 | D:9      | Killed an unseen horror
  5834 | D:9      | Killed a red ugly thing
  5836 | D:9      | Killed a red ugly thing
  5862 | D:9      | Reached XP level 10. HP: 57/57 MP: 18/21
  6079 | D:9      | Reached skill level 7 in Spellcasting
  6305 | D:10     | Entered Level 10 of the Dungeon
  6490 | D:10     | Reached skill level 8 in Spellcasting
  6542 | D:10     | Noticed Urug
  6547 | D:10     | magipi: there's a scimitar
  6612 | D:10     | Reached skill level 9 in Spellcasting
  6817 | D:11     | Noticed a green ugly thing
  6818 | D:11     | Banished a green ugly thing
  6851 | D:11     | Reached skill level 10 in Spellcasting
  6865 | D:11     | Noticed a two-headed ogre
  6867 | D:11     | Banished a two-headed ogre
  6876 | D:11     | Reached skill level 11 in Spellcasting
  7157 | D:11     | Noticed a brown ugly thing
  7158 | D:11     | Banished a brown ugly thing
  7177 | D:11     | Reached skill level 12 in Spellcasting
  7230 | D:11     | Noticed a cyclops
  7231 | D:11     | Banished a cyclops
  7341 | D:11     | Noticed an unseen horror
  7462 | D:10     | Noticed a four-headed hydra
  7463 | D:10     | Banished a four-headed hydra
  7463 | D:10     | Reached skill level 13 in Spellcasting
  7463 | D:10     | Reached XP level 11. HP: 60/61 MP: 28/30
  7562 | D:10     | Noticed a two-headed ogre
  7710 | D:11     | Killed an unseen horror
  8105 | D:12     | Reached skill level 14 in Spellcasting
  8399 | D:12     | Noticed a skeletal warrior
  8400 | D:12     | Noticed a skeletal warrior
  8450 | D:13     | Noticed a centaur warrior
  8482 | D:13     | Killed a centaur warrior
  8660 | D:14     | Noticed a two-headed ogre
  8660 | D:14     | Noticed a centaur warrior
  8663 | D:14     | Banished a two-headed ogre
  8681 | D:14     | Killed a centaur warrior
  8681 | D:14     | Reached skill level 15 in Spellcasting
  8936 | D:14     | Noticed a centaur warrior
  8936 | D:14     | Banished a centaur warrior
  8936 | D:14     | Reached skill level 16 in Spellcasting
  8946 | D:14     | Noticed a wizard
  8953 | D:14     | Killed a wizard
  8966 | D:14     | Noticed a wizard
  8976 | D:14     | Killed a wizard
  9192 | D:14     | Noticed a necromancer
  9198 | D:14     | Noticed a necromancer
  9202 | D:14     | Killed a necromancer
  9202 | D:14     | Reached skill level 17 in Spellcasting
  9219 | D:14     | Killed a necromancer
  9240 | D:14     | Reached XP level 12. HP: 10/66 MP: 35/35
  9377 | D:14     | Noticed a centaur warrior
  9377 | D:14     | Banished a centaur warrior
  9393 | D:13     | Learned a level 3 spell: Stone Arrow
  9457 | D:13     | Reached skill level 1 in Conjurations
  9461 | D:13     | Gained mutation: You often lose your temper in combat. [mutagenic meat]
  9462 | D:13     | Gained mutation: Your spells are a little easier to cast, but a little less powerful. [mutagenic meat]
  9463 | D:13     | Gained mutation: Armour fits poorly on your strangely shaped body. [mutagenic meat]
  9464 | D:13     | Gained mutation: You can translocate small distances at will. [mutagenic meat]
  9487 | D:14     | Found Ninet's Antique Weapon Shoppe.
  9488 | D:14     | Noticed an eight-headed hydra
  9489 | D:14     | Banished an eight-headed hydra
  9563 | D:13     | Got a polished leather armour
  9576 | D:12     | Noticed a two-headed ogre
  9595 | D:13     | Identified the +3 leather armour of the Poles {rPois rC- rN+} (You found it on level 13 of the Dungeon)
  9833 | D:12     | Banished a two-headed ogre
 10663 | D:10     | Found a staircase to the Orcish Mines.
 10734 | Orc:1    | Entered Level 1 of the Orcish Mines
 10876 | Orc:1    | Noticed Gastronok
 10979 | Orc:1    | Noticed Nergalle
 11009 | Orc:1    | Killed Nergalle
 11071 | Orc:1    | Reached skill level 5 in Conjurations
 11256 | Orc:2    | Entered Level 2 of the Orcish Mines
 11327 | Orc:1    | Reached skill level 18 in Spellcasting
 11327 | Orc:1    | Slain by an orc warrior

Vault maps used:
D:1:      dpeg_arrival_chambers_temple_mockup
D:2:      grunt_qazlal_clouds, lemuel_blue_sif_altar, hangedman_feature_mirror
D:3:      bloody_trog, vehumet_crystals, first_bread, uniq_robin
D:4:      chequers_ossuary_entry_cave, portal_sewer_entry_b, uniq_sigmund,
          uniq_duvessa
D:5:      temple_fountains, kennysheep_generic_room_5
D:8:      basic_altar, blue_anna_alchemist
D:9:      gammafunk_corrupted_shrine, lair_entry_dummy, uniq_maurice
D:10:     hiddenorc2_lemuel, small_chamber_with_monster, uniq_urug
D:14:     grunt_vaults_entry_tiered, serial_shops, kennysheep_mini, shop,
          shop_statue, kennysheep_pointless_box, spider_trap,
          nicolae_dithmenos_through_a_glass_darkly, uniq_roxanne, uniq_snorg
Orc:1:    lemuel_statue_altar, uniq_nergalle, uniq_gastronok
Orc:2:    st_orc_ogre_mass, serial_shops, nicolae_shop_crystal, shop
Abyss:1:  hangedman_abyss_river_spirits
Sewer:    sewer_sea
Ossuary:  ossuary_minmay_tomb_2a

Skill      XL: |  1  2  3  4  5  6  7  8  9 10 11 12 |
---------------+-------------------------------------+-----
Fighting       | 3 4 |  4.3
Long Blades    | 1 2 4 5 7 |  7.0
Invocations    | 3 4 5 8 11 | 11.1
Spellcasting   | 6 13 17 18 | 18.0
Conjurations   | 5 |  5.4
Short Blades   | |  2.0
Armour         | |  0.7
Dodging        | |  2.4

Action                   |  1- 3 |  4- 6 |  7- 9 | 10-12 || total
-------------------------+-------+-------+-------+-------++-------
Melee: Short sword       |   168 |    22 |       |       ||   190
       Rapier            |       |    65 |       |       ||    65
       Dagger            |       |    26 |       |       ||    26
       Long sword        |       |    74 |   441 |   720 ||  1235
       Kick              |       |       |    43 |   194 ||   237
Invok: Banish            |       |     1 |    15 |    26 ||    42
       Corrupt           |       |       |     1 |       ||     1
Evoke: Wand              |       |     1 |     3 |    22 ||    26
       Phial of floods   |       |       |       |     1 ||     1
  Use: Scroll            |       |    18 |     5 |    11 ||    34
       Potion            |       |     3 |       |     8 ||    11
 Stab: Sleeping          |     1 |       |       |       ||     1
       Invisible         |       |     2 |       |     2 ||     4
       Distracted        |       |       |       |     2 ||     2
  Eat: Chunk             |     3 |     1 |    18 |    25 ||    47
       Fruit             |       |     2 |     9 |    10 ||    21
       Royal jelly       |       |     1 |       |     2 ||     3
Armor: Leather armour    |    44 |       |       |    64 ||   108
       Ring mail         |    11 |    71 |   176 |   242 ||   500
       Skin              |     6 |     7 |       |    30 ||    43
       Troll leather arm |       |       |       |    41 ||    41
Dodge: Dodged            |    88 |   100 |   195 |   507 ||   890
Block: Other             |       |       |    16 |    48 ||    64
       Reflection        |       |       |       |     3 ||     3
       Rpst.: Long sword |       |     8 |    76 |   127 ||   211

Table legend:
 A = Spawn XP
 B = Non-spawn XP
 C = Spawn XP percentage of total XP
 D = Spawn monster count
 E = Non-spawn monster count
 F = Spawn count percentage of total count
 G = Total turns spent on level
                    A         B        C        D         E        F      G
               +---------+---------+-------+---------+---------+-------+---------
         Total |       0 |   28082 |   0.0 |       0 |     419 |   0.0 | 11327
               +---------+---------+-------+---------+---------+-------+---------
           D:1 |       0 |      28 |   0.0 |       0 |      17 |   0.0 |   971
           D:2 |       0 |      68 |   0.0 |       0 |      31 |   0.0 |   668
           D:3 |       0 |     181 |   0.0 |       0 |      36 |   0.0 |   666
           D:4 |       0 |     552 |   0.0 |       0 |      15 |   0.0 |   533
           D:5 |       0 |     684 |   0.0 |       0 |      19 |   0.0 |   472
           D:6 |       0 |    1060 |   0.0 |       0 |      25 |   0.0 |   553
           D:7 |       0 |    1327 |   0.0 |       0 |      20 |   0.0 |   585
           D:8 |       0 |     787 |   0.0 |       0 |      11 |   0.0 |   601
           D:9 |       0 |     638 |   0.0 |       0 |       8 |   0.0 |   681
          D:10 |       0 |    2983 |   0.0 |       0 |      70 |   0.0 |  1329
          D:11 |       0 |    4593 |   0.0 |       0 |      25 |   0.0 |  1089
          D:12 |       0 |    2086 |   0.0 |       0 |      27 |   0.0 |   681
          D:13 |       0 |    1786 |   0.0 |       0 |      13 |   0.0 |   683
          D:14 |       0 |    8600 |   0.0 |       0 |      26 |   0.0 |   684
         Orc:1 |       0 |    2218 |   0.0 |       0 |      22 |   0.0 |   523
         Sewer |       0 |     261 |   0.0 |       0 |      41 |   0.0 |   329
       Ossuary |       0 |     230 |   0.0 |       0 |      13 |   0.0 |   219
               +---------+---------+-------+---------+---------+-------+---------
